 Dungeon Crawl Stone Soup version 0.20.1-1-g8b1a95d (webtiles) character file.

457 Ladykiller69 the Charmwright (level 7, -2/52 HPs)
             Began as a Formicid Skald on Aug 13, 2017.
             Was an Initiate of Cheibriados.
             Slain by an orc warrior
             ... wielding a cursed -2 battleaxe
              (17 damage)
             ... on level 5 of the Dungeon.
             The game lasted 00:14:10 (5426 turns).

Ladykiller69 the Charmwright (Formicid Skald)       Turns: 5426, Time: 00:14:10

Health: -2/52      AC:  3    Str: 19    XL:     7   Next: 27%
Magic:  7/11       EV: 12    Int: 15    God:    Cheibriados [......]
Gold:   163        SH:  0    Dex: 11    Spells: 6/12 levels left

rFire    . . .     SeeInvis +   t - +0 war axe
rCold    . . .     Gourm    .   (no shield)
rNeg     + . .     Faith    .   b - +0 leather armour
rPois    .         Spirit   .   (helmet unavailable)
rElec    .         Reflect  .   (no cloak)
rCorr    .         Harm     .   (no gloves)
MR       .....                  (no boots)
Stlth    +.........             w - amulet of regeneration
Regen    0.6/turn               B - ring of positive energy
MPRegen  0.2/turn               H - +2 ring of intelligence

@: very slow
A: permanent stasis, dig shafts and tunnels, four strong arms, antennae 3,
talons 1, sense surroundings 1
a: Dig, Shaft Self, Bend Time, Renounce Religion


You were on level 5 of the Dungeon.
You worshipped Cheibriados.
Cheibriados was noncommittal.
You were not hungry.

You visited 1 branch of the dungeon, and saw 5 of its levels.

You collected 163 gold pieces.

Inventory:

Hand Weapons
 a - a +0 hand axe
 t - a +0 war axe (weapon)
Missiles
 f - 16 bolts
 g - 193 stones (quivered)
 i - 7 javelins of penetration
 s - a throwing net
 D - 11 poisoned needles
Armour
 b - a +0 leather armour (worn)
 v - a +0 chain mail
 K - a +0 cloak
Jewellery
 w - an amulet of regeneration (around neck)
 B - a ring of positive energy (left hand)
 H - a +2 ring of intelligence (right hand)
 J - an uncursed ring of protection from fire {unknown}
Wands
 m - a wand of digging (16/24)
Scrolls
 e - 3 scrolls of remove curse {unknown}
 h - 2 scrolls of teleportation {unknown}
 j - 2 scrolls of magic mapping {unknown}
 l - a scroll of enchant weapon {unknown}
 p - a scroll of amnesia {unknown}
 r - a scroll of enchant armour {unknown}
 u - a scroll of immolation {unknown}
 y - a scroll of fear {unknown}
 F - a scroll of recharging {unknown}
 G - a scroll of identify {unknown}
 I - a scroll of random uselessness {unknown}
Potions
 k - 2 potions of cancellation
 n - 3 potions of mutation
 x - 2 potions of flight {unknown}
 z - 2 potions of resistance
 A - 3 potions of haste {unknown}
 C - a potion of agility {unknown}
 E - a potion of curing
Books
 c - a book of Battle

   Spells                             Type                      Level
   a - Infusion                       Charms                       1
   b - Shroud of Golubria             Charms/Translocation         2
   c - Song of Slaying                Charms                       2
   d - Spectral Weapon                Hexes/Charms                 3
   e - Regeneration                   Charms/Necromancy            3
Comestibles
 d - 2 bread rations
 o - 4 fruits
 q - 2 meat rations


   Skills:
 + Level 3.5 Fighting
 * Level 4.2 Axes
 - Level 1.1 Armour
 - Level 1.7 Dodging
 - Level 3.0 Spellcasting
 * Level 3.6 Hexes
 + Level 4.6 Charms


You had 6 spell levels left.
You knew the following spells:

 Your Spells              Type           Power        Failure   Level  Hunger
a - Infusion              Chrm           ###.         3%          1    #......
b - Shroud of Golubria    Chrm/Tloc      #.........   14%         2    ##.....
c - Spectral Weapon       Hex/Chrm       ##......     13%         3    ###....


Dungeon Overview and Level Annotations

Branches:
Dungeon (5/15)
 Temple: D:4-7

Altars:
Cheibriados
Elyvilon
Fedhas
Trog
Xom
Zin


Innate Abilities, Weirdness & Mutations

You cannot be hasted, slowed, berserked, paralysed or teleported.
You can dig through walls and to a lower floor.
Your four strong arms can wield two-handed weapons with a shield.
You have a pair of large antennae on your head. (SInv)
You have sharp toenails.
You passively map a small area around you.


Message History

You hit the orc warrior. Your kick misses the orc warrior.
The orc warrior is heavily wounded.
Your spectral weapon hits the orc warrior!
The orc warrior hits you with a battleaxe!
Your shroud falls apart!
The orc warrior hits your spectral weapon with a battleaxe!
Your spectral weapon shares its damage with you!
* * * LOW HITPOINT WARNING * * *
An ogre comes into view. It is wielding a giant club.
You hit the orc warrior but do no damage.
Your kick misses the orc warrior.
The orc warrior is severely wounded.
Your spectral weapon barely misses the orc warrior.
The orc warrior misses you.
The orc warrior barely misses your spectral weapon.
You closely miss the orc warrior. Your kick misses the orc warrior.
The orc warrior is severely wounded.
Your spectral weapon misses the orc warrior.
The orc warrior hits you with a battleaxe!
You die...

...#### #.......## .....#
#......##
.....#############......#
......#.#.#.#.#.#.......#
.....#.#.#.#.#.#.#......#
......#.#.#.#.#.#.#.#####
.#.#.#.#.#.#.#.#.#.#.#
#.#o#.#.#.#.#.#.#.#.##
.#o#.#.#.#.#.#.#@#.#.#
#<#.#.#.#.#.#.#.o(..##
.#...o.#.#.#.#.#...#.#
#.......#.#.#.#.oo..##
.#.....#.#.#.#.#...#.#
#.[....)#.#.#.#.O...##
.#.#.#.#)#.#.#,#.#.#.
#.#.#.#.#.#.#.#.#.#.##
.#.#.#.#.#.#.#.# , *


You could see an orc warrior, an ogre, an orc wizard, an orc and a friendly
spectral war axe.

Vanquished Creatures
  An ogre (D:4)
  The ghost of Xelenos the Sneak, an amateur SpAs (D:4)
  2 iguanas (D:4)
  4 worker ants
  A hound skeleton (D:5)
  8 adders
  A shadow imp (D:5)
  An ooze (D:2)
  3 worms (D:2)
  4 dart slugs
  A leopard gecko (D:4)
  3 orcs
  2 ball pythons
  3 bats
  2 giant cockroaches (D:2)
  4 goblins
  5 hobgoblins
  4 kobolds (D:2)
  A quokka (D:4)
  6 frilled lizards
  6 rats
63 creatures vanquished.

Vanquished Creatures (others)
  A spectral weapon (D:5)
1 creature vanquished.

Grand Total: 64 creatures vanquished

Notes
Turn   | Place    | Note
-------+----------+-------------------------------------------
     0 | D:1      | Ladykiller69 the Formicid Skald began the quest for the Orb.
     0 | D:1      | Reached XP level 1. HP: 16/16 MP: 3/3
   294 | D:1      | Reached XP level 2. HP: 22/22 MP: 5/5
   357 | D:1      | Learned a level 2 spell: Shroud of Golubria
   453 | D:1      | Found a shimmering altar of Xom.
   837 | D:2      | Reached XP level 3. HP: 26/28 MP: 6/6
   840 | D:2      | Found a faded altar of an unknown god.
   898 | D:2      | Learned a level 3 spell: Spectral Weapon
  1634 | D:2      | Reached XP level 4. HP: 16/34 MP: 0/7
  1866 | D:3      | Reached skill level 1 in Hexes
  2217 | D:3      | Found a snail-covered altar of Cheibriados.
  2231 | D:3      | Became a worshipper of Cheibriados the Contemplative
  2628 | D:3      | Found a white marble altar of Elyvilon.
  2648 | D:3      | Gained mutation: You passively map a small area around you. [potion of mutation]
  2648 | D:3      | Gained mutation: You have sharp toenails. [potion of mutation]
  2650 | D:3      | HP: 1/34 [adder (2)]
  2654 | D:3      | Reached XP level 5. HP: 7/39 MP: 6/8
  3322 | D:4      | Noticed Xelenos's ghost (amateur SpAs)
  3337 | D:4      | Killed Xelenos's ghost
  3746 | D:4      | Reached XP level 6. HP: 44/47 MP: 6/10
  4088 | D:4      | Noticed an ogre
  4101 | D:4      | Killed an ogre
  4318 | D:4      | Reached XP level 7. HP: 41/52 MP: 0/11
  4408 | D:4      | Found a glowing silver altar of Zin.
  4465 | D:4      | Found a bloodstained altar of Trog.
  4914 | D:4      | Found a blossoming altar of Fedhas.
  5127 | D:5      | Entered Level 5 of the Dungeon
  5426 | D:5      | Slain by an orc warrior

Skill      XL: |  1  2  3  4  5  6  7 |
---------------+----------------------+-----
Hexes          | 1 2 3 |  3.6
Charms         | 4 |  4.6
Axes           | 3 4 |  4.2
Fighting       | 3 |  3.5
Spellcasting   | 3 |  3.0
Armour         | |  1.1
Dodging        | |  1.7

Action                   |  1- 3 |  4- 6 |  7- 9 || total
-------------------------+-------+-------+-------++-------
Melee: Hand axe          |    85 |    54 |       ||   139
       War axe           |       |    45 |    29 ||    74
       Kick              |       |    13 |     4 ||    17
 Cast: Infusion          |    14 |     4 |     1 ||    19
       Shroud of Golubri |     1 |     9 |     3 ||    13
       Spectral Weapon   |     3 |     8 |     5 ||    16
 Abil: Dig               |     2 |     2 |       ||     4
  Use: Potion            |       |     4 |       ||     4
  Eat: Chunk             |     3 |     7 |     2 ||    12
       Bread ration      |       |     1 |       ||     1
       Meat ration       |       |       |     1 ||     1
Armor: Leather armour    |    14 |    20 |     4 ||    38
Dodge: Dodged            |    48 |    66 |    15 ||   129
